AoeStats
← Khirs

African Clearing

505487061Analyzed
4v4 RM · 22d ago on Sep 9, 2026· 42m 0s· 8 players
Game mode
Random Map
Map size
Large (8 player)
Population
200
Speed
Normal
Resources
Standard
Victory
Conquest
Starting age
Dark Age
Ending age
Imperial Age
RankedLock teamsTeams togetherTeam positionsShared explorationLock speedFull tech treeHidden civsTurbo modeCheats
Victory
Defeat
🇺🇸 Byzantines · United States
923
+15
🇺🇸 Persians · United States
903
+16
🇺🇸 Koreans · United States
900
+16
🇩🇪 Ethiopians · Germany
816
+21
🇫🇷 Georgians · France
923
-18
🇩🇰 Wei · Denmark
913
-17
🇩🇪 Mongols · Germany
907
-17
🇪🇸 Chinese · Spain
877
-16
Khirs
6:41 Loom
18:09 Feudal Age
18:53 Double-Bit Axe
19:17 Horse Collar
24:50 Castle Age
23:11 Stone Mining
23:49 Gold Mining
24:43 Fletching
25:31 Heavy Plow
28:10 Bow Saw
30:51 Stone Shaft Mining
30:46 Bodkin Arrow
33:02 Padded Archer Armor
41:51 Imperial Age
41:42 Ballistics
Heftilus
alabataille
11:18 Loom
13:37 Feudal Age
19:05 Castle Age
18:53 Double-Bit Axe
21:39 Horse Collar
22:13 Bow Saw
22:31 Heavy Plow
24:04 Wheelbarrow
24:36 Padded Archer Armor
25:27 Fletching
26:41 Bodkin Arrow
26:57 Husbandry
28:32 Leather Archer Armor
29:28 Hand Cart
28:48 Elite Skirmisher
30:57 Bloodlines
32:51 Ballistics
32:43 Masonry
37:37 Imperial Age
41:07 Chemistry
40:17 Siege Engineers
mm_ken
5:43 Loom
14:14 Feudal Age
15:17 Gold Mining
15:28 Double-Bit Axe
15:41 Gold Mining
15:34 Horse Collar
15:49 Gold Mining
18:31 Wheelbarrow
17:44 Town Watch
18:48 Forging
18:44 Scale Barding Armor
18:31 Fletching
18:38 Stone Mining
18:30 Horse Collar
21:13 Castle Age
20:13 Padded Archer Armor
20:06 Fletching
20:45 Town Watch
22:43 Heavy Plow
24:40 Wheelbarrow
26:37 Bow Saw
27:04 Iron Casting
27:46 Chain Barding Armor
35:19 Pikeman
35:59 Squires
35:46 Arson
37:49 Hand Cart
38:00 Tuntian
38:12 Bloodlines
40:07 Scale Mail Armor
I THS I
13:51 Feudal Age
14:16 Double-Bit Axe
14:15 Horse Collar
19:28 Castle Age
20:39 Bow Saw
20:41 Heavy Plow
26:11 Loom
28:19 Bloodlines
28:37 Scale Barding Armor
29:19 Forging
31:47 Wheelbarrow
33:18 Hand Cart
40:33 Imperial Age
39:07 Kamandaran
40:18 Crossbowman
41:04 Thumb Ring
41:13 Fletching
41:24 Padded Archer Armor
41:24 Scale Mail Armor
42:16 Conscription
KingYankee1
4:17 Loom
14:23 Feudal Age
16:01 Wheelbarrow
15:15 Double-Bit Axe
15:23 Gold Mining
15:17 Horse Collar
21:18 Castle Age
22:19 Hand Cart
22:18 Bow Saw
22:22 Heavy Plow
26:04 Stone Mining
27:22 Gold Shaft Mining
31:59 Husbandry
31:21 Light Cavalry
37:36 Imperial Age
35:35 Scale Barding Armor
35:41 Forging
35:32 Scale Mail Armor
37:09 Chain Barding Armor
36:24 Pikeman
37:50 Hussar
39:11 Iron Casting
38:52 Chain Mail Armor
42:01 Plate Mail Armor
40:58 Halberdier
41:39 Squires
42:16 Fletching
Upsidupsi
3:22 Loom
14:44 Feudal Age
19:34 Castle Age
17:54 Horse Collar
18:36 Double-Bit Axe
20:01 Crossbowman
21:45 Fletching
21:56 Padded Archer Armor
24:33 Wheelbarrow
24:30 Leather Archer Armor
34:01 Imperial Age
33:27 Ballistics
33:14 Bodkin Arrow
33:34 Scale Mail Armor
33:44 Forging
33:45 Thumb Ring
33:47 Gold Mining
35:05 Bracer
36:21 Gold Shaft Mining
36:55 Ring Archer Armor
36:27 Heavy Plow
37:13 Hand Cart
37:13 Arbalester
40:56 Chemistry
41:36 Bow Saw
41:24 Stone Mining
42:57 Iron Casting
42:38 Chain Mail Armor
43:28 Two-Man Saw
Taytay1
3:52 Loom
15:29 Feudal Age
20:49 Castle Age
19:13 Double-Bit Axe
19:13 Horse Collar
22:52 Wheelbarrow
22:35 Bow Saw
29:11 Fletching
29:22 Padded Archer Armor
29:14 Fletching
31:14 Leather Archer Armor
35:03 Scale Mail Armor
38:02 Elite Skirmisher
41:49 Imperial Age
38:47 Elite Skirmisher
Connection lost

Rejoining the realm…

Still unreachable

The connection could not be restored.

Session expired

The server has moved on; the page needs a fresh start.